 Dungeon Crawl Stone Soup version 0.30.0-18-gc0e69614cb (webtiles) character file.

Game seed: 10312996917427531774

22 FishyPogo the Trooper (level 2, 0/24 HPs)
             Began as a Demonspawn Chaos Knight on May 25, 2023.
             Was a Plaything of Xom.
             Slain by a white imp (5 damage)
             ... summoned by Xom
             ... on level 1 of the Dungeon.
             The game lasted 00:03:24 (806 turns).

FishyPogo the Trooper (Demonspawn Chaos Knight)      Turns: 806, Time: 00:03:26

Health: 0/24       AC:  8    Str: 12    XL:     2   Next: 68%
Magic:  2/2        EV: 11    Int: 13    God:    Xom [...*..]
Gold:   86         SH:  0    Dex: 12    Spells: 1/1 levels left

rFire   . . .        a - +0 spear (chaos)
rCold   . . .        (no shield)
rNeg    . . .        b - +2 leather armour
rPois   .            (no helmet)
rElec   .            (no cloak)
rCorr   .            h - +0 pair of gloves
SInv    .            (no boots)
Will    .....        (no amulet)
Stlth   +            (no ring)
HPRegen 0.24/turn    (no ring)
MPRegen 0.08/turn

%: no passive effects
@: weak-willed, hasted, very quick
A: slimy green scales 1
a: Renounce Religion


You were on level 1 of the Dungeon.
You worshipped Xom.
You were a favourite toy of Xom.
You visited 1 branch of the dungeon, and saw 1 of its levels.

You collected 86 gold pieces.

Inventory:

Hand Weapons
 a - a +0 spear of chaos (weapon)
Missiles
 k - 2 stones
Armour
 b - a +2 leather armour (worn)
 h - a +0 pair of gloves (worn)
Scrolls
 f - a scroll of enchant armour {unknown}
 g - a scroll of identify {unknown}
 j - a scroll of butterflies {unknown}
Miscellaneous
 c - a piece from Xom's chessboard (15/15) (quivered)


   Skills:
 * Level 3.3 Fighting
 + Level 2.9 Polearms
 * Level 2.2 Armour
 - Level 1.1 Dodging


You had one spell level left.
You didn't know any spells.
Your spell library was empty.

Dungeon Overview and Level Annotations

Branches:
Dungeon (1/15)

Altars:


Innate Abilities, Weirdness & Mutations

You are partially covered in slimy green scales. (AC +2)


Message History

The white imp is moderately wounded.
The white imp closely misses you. x2
You hit the white imp but do no damage.
The white imp is moderately wounded.
The white imp hits you but does no damage. x2
The white imp completely misses you.
You closely miss the white imp.
The white imp is moderately wounded.
The white imp closely misses you. The white imp completely misses you.
Press: ? - help, v - describe, . - travel
Here: a white imp (moderately wounded, summoned, berserk, unusually resistant)
The floor.
Unknown command.
You hit the white imp.
Nothing appears to happen.
The white imp is heavily wounded.
The white imp hits you but does no damage. x3
You hit the white imp but do no damage.
The white imp is heavily wounded.
The white imp hits you. The white imp freezes you.
The white imp gestures at you. The puff of frost hits you.
It was a potion of haste.
You feel yourself speed up.
Xom thinks this is hilarious!
The white imp hits you but does no damage.
The white imp gestures at you. The puff of frost hits you.
* * * LOW HITPOINT WARNING * * *
The white imp hits you but does no damage.
As you read the scroll labelled IDIGGU ZIMEMACK, it crumbles to dust.
Magic quickly surges around you.
It was a scroll of vulnerability.
The white imp misses you. The white imp barely misses you.
As you read the scroll labelled KELOEN UJYECU, it crumbles to dust.
You hear a loud clanging noise!
It was a scroll of noise.
You hear a shout!
The white imp hits you.
* * * LOW HITPOINT WARNING * * *
The white imp freezes you.
You die... "It's all fun and games until someone loses an eye."

##.##..## #..### #.##.....##
#.......######....###.#.......#
###...#....##........##..........
.................................
###...#.#####.###....###.........
#.....#.#.#..#.....# ##.......#
##.###.#...)........# ##.....##
#...##.#.#)#.##5##### ##...##
#.#....#####.##@# ##'##
#...#........##5# #.#
#####.#########.# #.# #.# #.#
##.#### #.# #.# ##...... #.# #.#
#.....## #.# #.# ####....##
######.# #.# .......... .......#
#######.##


You could see 2 white imps.

Vanquished Creatures
  4 ball pythons (D:1)
  2 endoplasms (D:1)
  3 goblins (D:1)
  2 hobgoblins (D:1)
  A jackal (D:1)
  2 bats (D:1)
  A frilled lizard (D:1)
  4 kobolds (D:1)
  2 rats (D:1)
21 creatures vanquished.

Notes
Turn   | Place    | Note
-------+----------+-------------------------------------------
     0 | D:1      | FishyPogo the Demonspawn Chaos Knight began the quest for
                  | the Orb.
     0 | D:1      | Reached XP level 1. HP: 18/18 MP: 1/1
    27 | D:1      | Reached skill level 1 in Dodging
   179 | D:1      | Found a faded altar of an unknown god.
   188 | D:1      | Gained mutation: You are partially covered in slimy green
                  | scales. (AC +2) [demonic ancestry]
   188 | D:1      | Reached XP level 2. HP: 24/24 MP: 2/2
   189 | D:1      | XOM: silly message
   216 | D:1      | XOM: silly message
   353 | D:1      | XOM: summons 1 hostile demon
   513 | D:1      | XOM: god gift: scroll labelled VERGHOC XIOSMES {god gift}
   789 | D:1      | XOM: summons 2 hostile demons
   806 | D:1      | Slain by a white imp

Illustrated notes

Levels and vault maps discovered:
D:1:      psy_arrival_statuary, layout_loops_corners,
          ebering_ecumenical_altar_sacrificial, kennysheep_another_room,
          minmay_split_cup_small

Skill      XL: |  1 |
---------------+----+-----
Dodging        | 1 |  1.1
Armour         | 2 |  2.2
Fighting       | |  3.3
Polearms       | |  2.9

Action                     || total
---------------------------++-------
  Melee: Spear             ||    69
    Use: Scroll            ||     3
         Potion            ||     1
   Stab: Sleeping          ||     1
 Armour: Leather armour    ||    30
  Dodge: Dodged            ||    27
